 Dungeon Crawl Stone Soup version 0.31-a0-1010-g5322dac (webtiles) character file.

Game seed: 14858044215742545555

270 Geeful the Changeling (level 6, -2/41 HPs)
             Began as an Octopode Shapeshifter on Nov 16, 2023.
             Slain by a killer bee (8 damage)
             ... on level 3 of the Dungeon.
             The game lasted 00:05:08 (2444 turns).

Geeful the Changeling (Octopode Shapeshifter)       Turns: 2444, Time: 00:05:09

Health: -2/41      AC:  1    Str: 15    XL:     6   Next: 22%
Magic:  6/6        EV: 13    Int: 12    God:
Gold:   140        SH:  0    Dex: 12    Spells: 5/5 levels left

rFire   + .          .
                       - Unarmed
rCold   + + .        (no shield)
rNeg    . . .        (helmet currently unavailable)
rPois   +            (no amulet)
rElec   +            p - ring of protection from cold
rCorr   +            z - ring of see invisible
SInv    +            (no ring)
Will    .....        (no ring)
Stlth   ++           (no ring)
HPRegen 0.26/turn    (no ring)
MPRegen 0.10/turn    (no ring)
                     (no ring)

%: no passive effects
@: beast-form, resistant
A: beast (slay +2), almost no armour, amphibious, 8 rings, camouflage 1,
gelatinous body 1, (nimble swimmer 1), tentacles
a: Begin Untransformation


You were on level 3 of the Dungeon.
You were a hulking beast.
You visited 1 branch of the dungeon, and saw 4 of its levels.

You collected 140 gold pieces.

Inventory:

Missiles
 y - 2 throwing nets
Jewellery
 k - a ring of magical power
 l - a ring of fire
 p - a ring of protection from cold (left tentacle)
 z - a ring of see invisible (right tentacle)
Talismans
 b - a beast talisman
 c - a flux talisman
Scrolls
 e - 2 scrolls of teleportation
 h - 2 scrolls of immolation
 o - a scroll of poison {unknown}
 q - a scroll of noise {unknown}
 r - a scroll of torment {unknown}
 t - a scroll of vulnerability {unknown}
 w - a scroll of enchant armour {unknown}
Potions
 a - a potion of lignification
 d - a potion of curing
 f - a potion of attraction {unknown}
 g - a potion of cancellation {unknown}
 i - a potion of magic {unknown}
 j - 2 potions of enlightenment
 m - a potion of brilliance
 n - 3 potions of haste
 s - a potion of degeneration {unknown}
 u - a potion of ambrosia {unknown}
 v - a potion of resistance


   Skills:
 + Level 2.6 Fighting
 + Level 3.3 Dodging
 + Level 4.0 Unarmed Combat
 * Level 4.6 Shapeshifting


You had 5 spell levels left.
You didn't know any spells.
Your spell library contained the following spells:

 Spells                   Type           Power      Damage    Failure   Level
 Ensorcelled Hibernation  Hex/Ice        0%         N/A       45%         2
 Passwall                 Tmut/Erth      0%         N/A       45%         2
 Inner Flame              Hex/Fire       0%         N/A       69%         3
 Swiftness                Air            0%         N/A       69%         3
 Flame Wave               Conj/Fire      0%         2d4       97%         4
 Sticky Flame             Conj/Fire      0%         2d3       97%         4
 Iskenderun's Battlesphe  Conj           0%         2d6       100%        5
 Bombard                  Conj/Erth      0%         9d1       100%        6
 Spellforged Servitor     Conj/Summ      0%         N/A       100%        7


Dungeon Overview and Level Annotations

Branches:
Dungeon (4/15)
 Temple: D:4-7

Altars:
Dithmenos
Yredelemnul

Annotations:
D:3 1 runed translucent door


Innate Abilities, Weirdness & Mutations

You are a hulking beast.
Your limbs bulge with bestial killing power. (Slay +2)
You cannot wear most types of armour.
You are amphibious.
You can wear up to eight rings at the same time.
Your skin changes colour to match your surroundings (Stealth+).
Your rubbery body absorbs attacks. (AC +1, EV +1)
((You are camouflaged when in or above water. (Stealth+)))
You have tentacles for arms and can constrict up to eight enemies at once.


Message History

HP restored.
You now have 123 gold pieces (gained 15).
You now have 140 gold pieces (gained 17).
A ball python and a gnoll come into view. 2 gnolls come into view.
Found a ring mail.
The ball python hisses angrily.
The gnoll shouts!
You hear a shout! x2
A killer bee comes into view.
The killer bee barely misses you. The killer bee stings you.
The killer bee attacks as it pursues you!
The killer bee barely misses you.
The killer bee stings you but does no damage.
There is a stone staircase leading up here.
The killer bee closely misses you. The ball python barely misses you.
The ball python grabs you.
You stop ascending the stairs.
The ball python constricts you.
The killer bee stings you but does no damage.
You bludgeon the ball python!
You kill the ball python!
The killer bee stings you.
You are poisoned.
The killer bee poisons you! The killer bee stings you!
You feel sick. The killer bee barely misses you. The killer bee stings you!
You are more poisoned.
The killer bee poisons you!
You climb upwards.
Level annotation: 1 runed translucent door You feel very sick.
There is a stone staircase leading down here.
You closely miss the killer bee. Your grab misses the killer bee.
Your squeeze misses the killer bee.
You feel sick. The killer bee barely misses you. The killer bee stings you!
* * * LOW HITPOINT WARNING * * *
You feel better. The killer bee stings you!
* * * LOW HITPOINT WARNING * * *
The killer bee barely misses you.
Okay, then.
You feel protected. The killer bee stings you!
You die...

≈.≈≈§≈≈.≈..#..# #...##.#
#.# ≈......§≈§....#
#.####.# #.#
≈.≈...§.§§##..####.# #.#
#.# ≈.≈._§≈§§§#.....##.#
#.# #.#
≈.≈..§≈.≈.#.#.#.##.# #.#
#.#
≈......§≈...#.#.##.####.#
#.#
≈.≈≈≈≈≈.§..##...÷.......#
#.#
.......§..#####.##)######
#.# ##.######## #.h..#
#.# ##.# #y.### #.# ...#
#..# ##.# #### ######..#
#..# ##########......##
#.## #...........###.#
#.# #.########..# #.# #.#
#.# #..# #.# #.# ..# #..#
#.# #.#


You could see a killer bee.

Vanquished Creatures
  A bullfrog (D:4)
  Jessica (D:2)
  Natasha (thrice) (D:3)
  5 adders
  2 worms
  2 dart slugs (D:3)
  3 bats
  4 endoplasms (D:1)
  2 giant cockroaches
  4 hobgoblins
  7 kobolds
  6 quokkas
  5 ball pythons
  4 frilled lizards
  6 goblins
  5 rats
60 creatures vanquished.

Notes
Turn   | Place    | Note
-------+----------+-------------------------------------------
     0 | D:1      | Geeful the Octopode Shapeshifter began the quest for the
                  | Orb.
     0 | D:1      | Reached XP level 1. HP: 13/13 MP: 1/1
   111 | D:1      | Reached XP level 2. HP: 18/18 MP: 2/2
   438 | D:1      | Reached XP level 3. HP: 11/23 MP: 3/3
   786 | D:2      | Found a faded altar of an unknown god.
  1205 | D:2      | Noticed Jessica
  1214 | D:2      | Killed Jessica
  1215 | D:2      | Reached XP level 4. HP: 29/29 MP: 4/4
  1702 | D:3      | Noticed Natasha
  1712 | D:3      | Killed Natasha
  1744 | D:3      | Reached XP level 5. HP: 34/34 MP: 5/5
  1924 | D:3      | Found a runed translucent door.
  1924 | D:3      | Noticed a human
  1932 | D:3      | Found a basalt altar of Yredelemnul.
  1959 | D:3      | Found a shadowy altar of Dithmenos.
  2040 | D:3      | Noticed Natasha
  2044 | D:3      | Killed Natasha
  2181 | D:3      | Noticed Natasha
  2187 | D:3      | Killed Natasha
  2316 | D:4      | Reached XP level 6. HP: 20/41 MP: 6/6
  2444 | D:3      | Slain by a killer bee

Illustrated notes

Levels and vault maps discovered:
D:1:      dpeg_arrival_lava_temple_mockup, layout_basic
D:2:      layout_loops_ring, hellmonk_ecumenical_altar_blasted,
          kennysheep_jessica_study
D:3:      layout_loops_ring, dk_yredelemnul_ordeal,
          mainiacjoe_overflow_cross_hatched, uniq_natasha
D:4:      layout_basic, minmay_manual_monstrance

Skill      XL: |  1  2  3  4  5 |
---------------+----------------+-----
Fighting       | 2 |  2.6
Shapeshifting  | 4 |  4.6
Dodging        | 3 |  3.3
Unarmed Combat | 4 |  4.0

Action                     |  1- 3 |  4- 6 || total
---------------------------+-------+-------++-------
  Melee: Unarmed           |    55 |    57 ||   112
         Constrict         |    14 |    19 ||    33
         Tentacles         |     8 |    10 ||    18
         Punch             |     1 |     5 ||     6
    Use: Scroll            |     4 |     2 ||     6
         Potion            |       |     2 ||     2
   Stab: Sleeping          |     3 |     3 ||     6
 Armour: Skin              |    21 |    27 ||    48
  Dodge: Dodged            |    21 |    32 ||    53

Table legend: (Time is in decaauts)
 A = Elapsed time spent in this place.
 B = Non-inter-level travel time spent in this place.
 C = Inter-level travel time spent in this place.
 D = Time resting spent in this place.
 E = Time spent auto-exploring this place.
 F = Levels seen in this place.
 G = Mean time per level.
                   A        B        C        D        E       F      G
               +--------+--------+--------+--------+--------+-----+--------+
         Total |   2435 |   2388 |     47 |      0 |   2008 |   4 |  608.8 |
       Dungeon |   2435 |   2388 |     47 |      0 |   2008 |   4 |  608.8 |
               +--------+--------+--------+--------+--------+-----+--------+

Top non-repeatable levels by time:
     D:3: 797 daAuts
     D:1: 783 daAuts
     D:2: 716 daAuts
     D:4: 139 daAuts
